Map: 여명 - 래더 (공허의 유산)

Players

Bunny

  • Race: Terran Terran
  • Spawn Location: 7:00

llllllllllll (Dream) - Winner!

  • Race: Terran Terran
  • League: Master
  • Spawn Location: 1:00

VOD

Have the link to the VOD?

Description

Time

  • Played on: Nov. 29, 2016, 4:08 a.m.
  • Length: 12:43
Show
View Real Time Build Order
Export as new Build Order

Bunny Terran 

Build Orders: 1/1/1, Bio Tank 

Get SALT Encoding   

  12  0:00  SCV  
  13  0:12  SCV  
  14  0:17  Supply Depot  
  14  0:25  SCV  
  15  0:39  SCV  
  15  0:41  Barracks  
  16  0:44  Refinery  
  16  0:51  SCV  
  16  0:55  Refinery  
  17  1:03  SCV  
  18  1:15  SCV  
  19  1:28  Orbital Command  
  19  1:32  Factory  
  19  1:34  Marine  
  20  1:47  Supply Depot  
  20  1:52  Marine  
  21  1:55  SCV  
  22  2:07  SCV  
  23  2:10  Marine  
  24  2:15  Starport  
  24  2:18  Widow Mine  
  26  2:23  SCV  
  26  2:28  Marine  
  28  2:35  Supply Depot  
  28  2:36  SCV  
  29  2:47  Marine  
  29  2:48  Factory Tech Lab, SCV  
  31  3:00  SCV  
  30  3:14  SCV  
  31  3:23  Command Center, Raven  
  31  3:27  Factory Reactor, Marine, SCV  
  34  3:31  Supply Depot  
  33  3:39  SCV  
  34  3:44  Marine  
  35  3:51  SCV  
  36  4:03  SCV  
  36  4:06  Viking  
  39  4:10  Factory Tech Lab  
  39  4:11  Marine  
  39  4:12  Marine  
  39  4:15  SCV  
  42  4:18  Supply Depot  
  42  4:27  SCV  
  44  4:32  Siege Tank  
  45  4:39  SCV  
  41  4:47  Viking x2  
  41  4:49  Orbital Command  
  41  4:51  SCV  
  46  4:56  Marine  
  46  4:58  Stimpack  
  47  5:03  SCV  
  47  5:04  Siege Tank  
  51  5:07  Orbital Command  
  51  5:15  SCV  
  51  5:17  Medivac  
  51  5:18  Marine  
  51  5:20  Medivac  
  57  5:25  Supply Depot  
  57  5:27  Refinery  
  57  5:28  SCV  
  58  5:31  Engineering Bay  
  58  5:36  Marine  
  58  5:40  Cyclone  
  60  5:42  SCV  
  60  5:43  SCV  
  61  5:50  Viking  
  61  5:55  Marine, SCV x2  
  66  5:59  Viking  
  68  6:07  SCV  
  68  6:08  SCV  
  68  6:09  Missile Turret  
  68  6:10  Missile Turret  
  70  6:16  Marine  
  71  6:19  SCV  
  71  6:20  SCV  
  71  6:21  Supply Depot  
  71  6:28  Viking  
  71  6:35  Siege Tank, Marine  
  71  6:37  SCV x2  
  77  6:51  Command Center, SCV x2  
  79  7:03  SCV x2  
  81  7:11  Refinery  
  81  7:15  Barracks, SCV  
  81  7:17  Barracks  
  81  7:19  Starport Reactor  
  82  7:27  Siege Tank, Combat Shields  
  86  7:31  SCV  
  86  7:32  Terran Infantry Weapons Level 1  
  86  7:33  SCV  
  87  7:43  SCV  
  88  7:45  SCV  
  88  7:50  Marine  
  88  7:51  Barracks  
  90  7:53  Barracks  
  90  8:04  Orbital Command, SCV  
  90  8:05  SCV  
  92  8:07  Marine x2  
  92  8:08  Barracks Reactor  
  94  8:19  Siege Tank  
  94  8:23  Marine  
  94  8:24  SCV x2  
  94  8:25  Marine x2  
  95  8:27  Medivac  
  95  8:28  Medivac  
  95  8:41  Marine  
  89  8:42  Barracks Reactor  
  89  8:43  SCV x2, Marine x2  
  89  8:44  Orbital Command  
  89  8:45  Barracks Reactor  
  93  8:50  Marine  
  93  8:51  Marine  
  93  8:54  Siege Tank  
  96  8:57  Viking  
  96  8:58  Marine  
  96  8:59  SCV x2  
  96  9:01  Marine x2  
  103  9:08  Marine x2  
  105  9:10  Viking  
  105  9:11  SCV x2  
  105  9:15  Supply Depot  
  105  9:16  Marine  
  109  9:18  Marine  
  110  9:26  Siege Tank  
  110  9:27  Viking, Terran Infantry Armor Level 1  
  110  9:28  SCV x2  
  117  9:33  Supply Depot, SCV  
  117  9:34  Supply Depot  
  105  9:47  Marine x8  
  105  9:55  Marine  
  105  9:58  Siege Tank  
  99  10:05  Marine x2  
  99  10:13  Medivac x2  
  95  10:14  SCV x3  
  95  10:15  Marine  
  95  10:16  Armory, Marine x6  
  95  10:17  Engineering Bay  
  105  10:29  Marine x2  
  105  10:30  Siege Tank  
  105  10:31  Liberator  
  105  10:33  Marine x5  
  105  10:35  Marine x2  
  112  10:43  Medivac  
  112  10:47  Marine x2  
  115  10:51  Marine x2  
  115  10:54  Marine  
  115  10:55  Marine x4  
  121  11:03  Siege Tank  
  119  11:04  Marine  
  119  11:10  Marine x3  
  123  11:12  Marine  
  114  11:34  Medivac x2  
  113  11:41  Marine x6  
  113  11:45  Marine x3  
  122  11:59  Marine  
  109  12:04  Siege Tank  
  90  12:08  Marine  
  90  12:09  Marine x5  
  95  12:19  Marine x3  
Show
View Real Time Build Order
Export as new Build Order

llllllllllll Terran - Winner!

Build Orders: 1/1/1, Bio Tank, Banshee Rush 

Get SALT Encoding   

  12  0:00  SCV  
  13  0:12  SCV  
  14  0:17  Supply Depot  
  14  0:24  SCV  
  15  0:31  Refinery  
  15  0:39  SCV  
  16  0:45  Barracks  
  16  0:51  SCV  
  16  0:55  Refinery  
  17  1:03  SCV  
  18  1:15  SCV  
  19  1:31  Orbital Command  
  19  1:33  Factory  
  19  1:35  Reaper  
  20  1:47  Supply Depot  
  20  1:57  SCV  
  21  2:07  Reaper  
  22  2:09  SCV  
  23  2:17  Hellion  
  23  2:18  Starport  
  23  2:21  SCV  
  26  2:27  Supply Depot  
  26  2:33  SCV  
  27  2:41  Barracks Tech Lab  
  27  2:45  Widow Mine  
  27  2:46  SCV  
  29  2:59  SCV  
  30  3:08  Banshee  
  30  3:11  SCV  
  34  3:13  Cloaking Field  
  33  3:26  Command Center  
  33  3:27  SCV  
  34  3:34  Cyclone  
  34  3:37  Barracks Reactor  
  37  3:41  Supply Depot  
  37  3:44  SCV  
  38  3:57  Supply Depot  
  38  4:02  Raven  
  38  4:09  SCV  
  41  4:10  Factory Tech Lab  
  41  4:12  Supply Depot  
  41  4:13  Marine  
  41  4:14  Marine  
  43  4:21  SCV  
  44  4:31  Marine  
  44  4:32  Marine  
  44  4:37  Siege Tank  
  49  4:40  SCV  
  50  4:49  Marine  
  50  4:50  Banshee, Marine  
  50  4:52  Orbital Command  
  52  4:53  SCV  
  53  5:06  SCV  
  52  5:17  SCV  
  52  5:18  Command Center, SCV  
  54  5:27  Siege Tank  
  57  5:29  SCV  
  57  5:30  SCV  
  59  5:41  Viking x2, SCV  
  59  5:42  Refinery, SCV  
  65  5:43  Refinery  
  65  5:44  Marine  
  66  5:51  Stimpack  
  66  5:53  Barracks, SCV  
  66  5:54  Barracks, SCV  
  68  6:06  SCV x2  
  68  6:09  Engineering Bay, Marine  
  68  6:10  Engineering Bay  
  71  6:12  Viking  
  71  6:18  SCV x2  
  74  6:20  Viking  
  77  6:27  Marine  
  77  6:30  SCV x2  
  80  6:33  SCV  
  81  6:42  SCV  
  81  6:45  Marine  
  81  6:46  Barracks Reactor x2  
  83  6:51  SCV  
  83  6:53  Terran Infantry Weapons Level 1, Terran Infantry Armor Level 1  
  83  6:54  Orbital Command, Supply Depot  
  81  7:03  Marine  
  85  7:08  Siege Tank  
  85  7:09  Viking  
  85  7:11  Viking  
  89  7:16  Supply Depot x3  
  89  7:19  SCV x2  
  89  7:21  Marine  
  92  7:22  Marine  
  92  7:23  Marine x3  
  93  7:35  SCV x2  
  95  7:38  Marine  
  95  7:39  Medivac  
  95  7:40  Siege Tank, Marine  
  95  7:41  Sensor Tower  
  102  7:46  Medivac  
  102  7:49  Barracks  
  104  7:52  SCV x2  
  104  7:54  Barracks  
  104  7:57  Combat Shields  
  104  7:58  Missile Turret  
  106  7:59  Marine  
  106  8:03  Marine x2  
  108  8:08  Marine  
  108  8:16  Marine  
  108  8:17  Marine  
  108  8:21  Marine x2  
  108  8:26  Marine  
  105  8:32  Siege Tank  
  106  8:34  Marine  
  106  8:35  Orbital Command, SCV x2  
  106  8:39  Refinery, Marine  
  108  8:42  Medivac, Viking  
  108  8:45  Barracks Reactor x2  
  108  8:48  Marine x2  
  113  8:51  Refinery  
  113  8:52  Refinery, Armory, SCV x2  
  113  8:53  Marine x2  
  118  8:58  Marine  
  118  9:00  SCV  
  120  9:04  Siege Tank, SCV  
  120  9:06  Marine  
  120  9:07  Supply Depot  
  125  9:13  Supply Depot  
  125  9:16  Supply Depot, Marine  
  125  9:18  SCV  
  125  9:28  SCV x2, Marine x5  
  125  9:30  SCV  
  133  9:39  Siege Tank  
  133  9:43  Marine  
  133  9:47  Marine x8  
  133  9:52  Medivac x2  
  141  9:56  Terran Infantry Weapons Level 2  
  141  9:57  Supply Depot  
  141  9:58  Supply Depot  
  131  10:01  Marine  
  131  10:05  Marine x7  
  134  10:10  SCV x2  
  134  10:11  Marine  
  134  10:12  Command Center  
  127  10:15  Siege Tank  
  127  10:19  Marine  
  131  10:22  Medivac x2, Marine  
  131  10:23  Marine x3  
  131  10:24  Marine x2  
  131  10:25  Marine  
  140  10:28  Marine  
  140  10:33  Barracks  
  140  10:34  Barracks  
  138  10:37  Barracks, Marine  
  138  10:40  Marine  
  138  10:41  Marine x4  
  138  10:42  Marine, Sensor Tower  
  145  10:52  Marine x2  
  145  10:55  Marine  
  148  10:58  Siege Tank, Medivac x2  
  148  11:02  Marine x2  
  148  11:03  Marine  
  158  11:04  Supply Depot, Marine  
  158  11:06  Supply Depot  
  154  11:22  Marine x4  
  154  11:23  Marine x3  
  161  11:26  Barracks Reactor x3  
  161  11:30  Marine  
  161  11:31  Marine  
  161  11:32  Factory  
  159  11:40  Siege Tank, Marine x3  
  159  11:41  Medivac  
  167  11:50  Marine x4  
  167  11:51  Marine x2  
  173  11:58  Marine x3  
  167  12:03  Marine x3  
  167  12:04  Marine x3  
  167  12:08  Marine  
  149  12:17  Marine x6  
  149  12:18  Marine  
  149  12:22  Marine  
Tags
 
Add a new tag
Caveats
  • Supply blocks, unpowered buildings, or Contaminate may cause inaccurate times.
  • Supply counts are checked every 10 seconds.